 Dungeon Crawl Stone Soup version 0.24-a0-361-g57161393b2 (webtiles) character file.

Game seed: 11897858936740571411

1599469 ohad the Impregnable (level 27, 198/224 HPs)
             Began as a Formicid Fighter on May 24, 2019.
             Was an Initiate of Gozag.
             Escaped with the Orb
             ... and 3 runes on May 26, 2019!
             The game lasted 04:57:01 (82874 turns).

ohad the Impregnable (Formicid Fighter)            Turns: 82874, Time: 04:57:01

Health: 198/224    AC: 47    Str: 29    XL:     27
Magic:  20/20      EV: 22    Int:  8    God:    Gozag
Gold:   2879       SH: 36    Dex: 19    Spells: 26/26 levels left

rFire    + + .     SeeInvis +   Z - +10 great sword "Naoxzum" {slice, +Rage MP-9 Str+3 Dex+2}
rCold    + . .     Gourm    .   D - +10 large shield of Ignorance {rN+ Int-4}
rNeg     + . .     Faith    .   N - +14 crystal plate armour
rPois    +         Spirit   .   (helmet unavailable)
rElec    .         Reflect  .   S - +2 cloak {rPois}
rCorr    +         Harm     .   P - +2 pair of gloves {Str+3}
MR       +++..                  s - +0 pair of boots "Jafierph" {rF+ Int+4}
Stlth    ..........             v - amulet of regeneration
HPRegen  0.47/turn              l - ring of resist corrosion
MPRegen  0.17/turn              U - ring of Hyudi {rF+ rC+ MR+ Dex-2}

@: no status effects
A: permanent stasis, dig shafts and tunnels, four strong arms, antennae 3,
blurry vision 1, deformed body, dopey 1, screaming 2
0: Orb of Zot
}: 3/15 runes: decaying, silver, gossamer
a: Dig, Shaft Self, Potion Petition, Call Merchant, Bribe Branch, Renounce
Religion


You escaped.
You worshipped Gozag.
Gozag was most pleased with you.
You were hungry.

You visited 10 branches of the dungeon, and saw 50 of its levels.
You visited 1 bazaar.

You collected 31050 gold pieces.
You spent 6442 gold pieces at shops.
You paid 21729 gold pieces to Gozag.

Inventory:

Hand Weapons
 c - a +0 long sword of distortion
 w - the +4 arbalest of a bazaar {elec, rN+ MP+9 Str+2}
   (You found it on level 3 of the Vaults)

   It charges the ammunition it shoots with electricity; occasionally upon a
   hit, such missiles may discharge and cause terrible harm.
   It affects your strength (+2).
   It protects you from negative energy.
   It affects your magic capacity (+9).
 A - the +5 great sword of Zubemoz {drain, rF+ Int+4}
   (You took it off a tengu reaver on level 4 of the Depths)

   A truly terrible weapon, it drains the life of those it strikes.
   It affects your intelligence (+4).
   It protects you from fire.
 J - a +4 great sword of flaming
 R - a +2 demon blade of electrocution
 Z - the +10 great sword "Naoxzum" (weapon) {slice, +Rage MP-9 Str+3 Dex+2}
   (You bought it in a shop on level 1 of the Lair of Beasts)

   It inflicts extra damage upon your enemies.
   It affects your strength (+3).
   It affects your dexterity (+2).
   It affects your magic capacity (-9).
   It lets you go berserk.
Missiles
 x - 1933 bolts
 K - 27 curare-tipped darts (quivered)
Armour
 s - the +0 pair of boots "Jafierph" (worn) {rF+ Int+4}
   (You found it on level 6 of the Dungeon)

   It affects your intelligence (+4).
   It protects you from fire.
 D - the +10 large shield of Ignorance (worn) {rN+ Int-4}
   (You bought it in a shop on level 3 of the Elven Halls)

   It affects your intelligence (-4).
   It protects you from negative energy.
 N - a +14 crystal plate armour (worn)
 P - a +2 pair of gloves of strength (worn)
 S - a +2 cloak of poison resistance (worn)
Jewellery
 a - the ring of Togyofei {Str+3 Dex+4}
   (You found it on level 2 of the Elven Halls)

   [ring of strength]

   It affects your strength (+3).
   It affects your dexterity (+4).
 h - an uncursed ring of protection from cold
 i - a +4 ring of evasion
 j - a +3 amulet of reflection
 l - a ring of resist corrosion (left hand)
 r - the ring "Zuem" {rElec rPois MR+ Dex+4 Stlth+}
   (You bought it in a shop on level 1 of the Elven Halls)

   [ring of poison resistance]

   It affects your dexterity (+4).
   It insulates you from electricity.
   It protects you from poison.
   It affects your resistance to hostile enchantments.
   It makes you more stealthy.
 t - a +3 ring of slaying
 v - an amulet of regeneration (around neck)
 E - an uncursed ring of flight
 F - the ring "Nophier" {Fire rElec Int+4 Slay+3}
   (You took it off a deep elf high priest on level 5 of the Vaults)

   [ring of fire]

   It enhances your fire magic.
   It affects your intelligence (+4).
   It affects your accuracy and damage with ranged weapons and melee attacks
   (+3).
   It protects you from fire.
   It makes you vulnerable to cold.
   It insulates you from electricity.
 L - an uncursed ring of protection from fire
 U - the ring of Hyudi (right hand) {rF+ rC+ MR+ Dex-2}
   (You found it on level 1 of the Depths)

   [ring of protection from cold]

   It affects your dexterity (-2).
   It protects you from fire.
   It protects you from cold.
   It affects your resistance to hostile enchantments.
 X - an uncursed ring of protection from fire
Wands
 I - a wand of clouds (10)
 T - a wand of disintegration (19)
Scrolls
 d - 30 scrolls of remove curse
 e - 11 scrolls of magic mapping
 g - 11 scrolls of immolation
 m - 2 scrolls of holy word
 n - 6 scrolls of enchant weapon
 y - 4 scrolls of summoning
 C - 7 scrolls of fear
 Q - a scroll of silence
 V - 11 scrolls of fog
 W - 18 scrolls of identify
Potions
 b - 2 potions of cancellation
 k - 4 potions of flight
 p - a potion of heal wounds
 q - 5 potions of mutation
 z - 5 potions of might
 H - 4 potions of curing
 M - 2 potions of resistance
 Y - 4 potions of agility
Miscellaneous
 u - a fan of gales
 B - a lamp of fire
 O - a fan of gales
Comestibles
 f - 23 rations


   Skills:
 - Level 20.0 Fighting
 - Level 20.3 Long Blades
 - Level 5.2 Crossbows
 - Level 25.0 Armour
 - Level 23.1 Dodging
 + Level 23.5 Shields
 - Level 8.0 Evocations


You had 26 spell levels left.
You didn't know any spells.
Your spell library contained the following spells:

 Spells                   Type           Power        Failure   Level  Hunger
 Animate Skeleton         Necr           N/A          96%         1    ##.....
 Apportation              Tloc           #.....       96%         1    ##.....
 Corona                   Hex            #......      96%         1    ##.....
 Flame Tongue             Conj/Fire      #....        96%         1    ##.....
 Infusion                 Chrm           #...         96%         1    ##.....
 Magic Dart               Conj           #...         96%         1    ##.....
 Pain                     Necr           #...         96%         1    ##.....
 Sandblast                Erth           #.....       96%         1    ##.....
 Shock                    Conj/Air       #...         96%         1    ##.....
 Sting                    Conj/Pois      #...         96%         1    ##.....
 Summon Butterflies       Summ           #.......     96%         1    ##.....
 Call Imp                 Summ           #.......     99%         2    ###....
 Corpse Rot               Necr           N/A          99%         2    ###....
 Ensorcelled Hibernation  Hex/Ice        #.....       99%         2    ###....
 Passwall                 Tmut/Erth      #.......     99%         2    ###....
 Poisonous Vapours        Pois/Air       #.....       99%         2    ###....
 Searing Ray              Conj           #.....       99%         2    ###....
 Shroud of Golubria       Chrm/Tloc      #.........   99%         2    ###....
 Slow                     Hex            #.......     99%         2    ###....
 Song of Slaying          Chrm           #.......     99%         2    ###....
 Sublimation of Blood     Necr           #.........   99%         2    ###....
 Swiftness                Chrm/Air       #.......     99%         2    ###....
 Throw Flame              Conj/Fire      #.....       99%         2    ###....
 Throw Frost              Conj/Ice       #.....       99%         2    ###....
 Confuse                  Hex            #.......     100%        3    ####...
 Conjure Flame            Conj/Fire      #.......     100%        3    ####...
 Dazzling Spray           Conj/Hex       #.....       100%        3    ####...
 Gell's Gravitas          Tloc           #.........   100%        3    ####...
 Inner Flame              Hex/Fire       #.......     100%        3    ####...
 Lesser Beckoning         Tloc           #.........   100%        3    ####...
 Mephitic Cloud           Conj/Pois/Air  #.......     100%        3    ####...
 Recall                   Summ/Tloc      N/A          100%        3    ####...
 Regeneration             Chrm/Necr      #.........   100%        3    ####...
 Spectral Weapon          Hex/Chrm       #.......     100%        3    ####...
 Static Discharge         Conj/Air       #.......     100%        3    ####...
 Stone Arrow              Conj/Erth      #.....       100%        3    ####...
 Tukima's Dance           Hex            #.......     100%        3    ####...
 Vampiric Draining        Necr           #.........   100%        3    ####...
 Airstrike                Air            #.........   100%        4    #####..
 Animate Dead             Necr           N/A          100%        4    #####..
 Force Lance              Conj/Tloc      #.......     100%        4    #####..
 Fulminant Prism          Conj/Hex       #.........   100%        4    #####..
 Ice Form                 Ice/Tmut       #.......     100%        4    #####..
 Iskenderun's Mystic Bla  Conj           #.......     100%        4    #####..
 Leda's Liquefaction      Hex/Erth       #.........   100%        4    #####..
 Olgreb's Toxic Radiance  Pois           #.......     100%        4    #####..
 Petrify                  Tmut/Erth      #.......     100%        4    #####..
 Sticky Flame             Conj/Fire      #.......     100%        4    #####..
 Agony                    Necr           #.......     100%        5    ######.
 Alistair's Intoxication  Tmut/Pois      #.......     100%        5    ######.
 Bolt of Draining         Conj/Necr      #.........   100%        5    ######.
 Bolt of Magma            Conj/Fire/Erth #.........   100%        5    ######.
 Borgnjor's Vile Clutch   Necr/Erth      #.........   100%        5    ######.
 Dispel Undead            Necr           #.......     100%        5    ######.
 Excruciating Wounds      Chrm/Necr      #.........   100%        5    ######.
 Fireball                 Conj/Fire      #.........   100%        5    ######.
 Irradiate                Conj/Tmut      #.........   100%        5    ######.
 Lee's Rapid Deconstruct  Erth           #.........   100%        5    ######.
 Lightning Bolt           Conj/Air       #.........   100%        5    ######.
 Metabolic Englaciation   Hex/Ice        #.........   100%        5    ######.
 Silence                  Hex/Air        #.........   100%        5    ######.
 Summon Forest            Summ/Tloc      #.........   100%        5    ######.
 Venom Bolt               Conj/Pois      #.........   100%        5    ######.
 Bolt of Cold             Conj/Ice       #.........   100%        6    #######
 Darkness                 Hex            #.........   100%        6    #######
 Death Channel            Necr           #.........   100%        6    #######
 Freezing Cloud           Conj/Ice/Air   #.........   100%        6    #######
 Hydra Form               Tmut           #.........   100%        6    #######
 Invisibility             Hex            #.......     100%        6    #######
 Ozocubu's Refrigeration  Ice            #.........   100%        6    #######
 Shadow Creatures         Summ           N/A          100%        6    #######
 Simulacrum               Ice/Necr       #.........   100%        6    #######
 Statue Form              Tmut/Erth      #........    100%        6    #######
 Dragon Form              Tmut           #.........   100%        7    #######
 Haunt                    Necr/Summ      #.........   100%        7    #######
 Ring of Flames           Chrm/Fire      #.........   100%        7    #######
 Summon Hydra             Summ           #.........   100%        7    #######
 Borgnjor's Revivificati  Necr           #.........   100%        8    #######
 Death's Door             Chrm/Necr      #.........   100%        8    #######
 Ignition                 Fire           #.........   100%        8    #######
 Infestation              Necr           #.........   100%        8    #######
 Necromutation            Tmut/Necr      #.........   100%        8    #######
 Shatter                  Erth           #.........   100%        9    #######
 Tornado                  Air            #.........   100%        9    #######
 Blink                    Tloc           Unusable     N/A         2    N/A

Dungeon Overview and Level Annotations

Branches:
Dungeon (15/15)            Temple (1/1) D:6            Lair (6/6) D:10
  Swamp (4/4) Lair:2       Spider (4/4) Lair:2        Slime (0/5) Lair:5
    Orc (2/2) D:9             Elf (3/3) Orc:2        Vaults (5/5) D:13
  Crypt (0/3) Vaults:3     Depths (5/5) D:15            Zot (5/5) Depths:5

Altars:
Ashenzari
Cheibriados
Dithmenos
Elyvilon
Fedhas
Gozag
Hepliaklqana
Kikubaaqudgha
Makhleb
Nemelex Xobeh
Okawaru
Qazlal
Ru
Sif Muna
Trog
Uskayaw
Vehumet
Wu Jian
Xom
Yredelemnul
Zin
The Shining One
Beogh
Jiyva

Shops:
D:7 ([   D:8 :   D:10 =   D:12 [   D:13 [   Orc:2 :}[}   Elf:1 *   Elf:3 [
Lair:1 ((   Lair:6 (   Swamp:1 (   Vaults:2 [   Zot:4 !   Depths:1 (
Depths:3 :

Portals:
Hell: Depths:1 Depths:2 Depths:3 Depths:4 Depths:5
Abyss: Depths:2 Depths:4 Depths:5
Pandemonium: Depths:3 Depths:4 Depths:5
Ziggurat: Depths:3
Trove: D:13 (give +3 gold dragon scales)

Annotations:
Lair:5 1 runed translucent door, exclusion: oklob plant
Depths:3 1 transporter


Innate Abilities, Weirdness & Mutations

You cannot be hasted, slowed, berserked, paralysed or teleported.
You can dig through walls and to a lower floor.
Your four strong arms can wield two-handed weapons with a shield.
You have a pair of large antennae on your head. (SInv)
Scrolls take you a little longer to read.
Armour fits poorly on your strangely shaped body.
You are dopey. (Int -2)
You sometimes yell uncontrollably at your foes.


Message History

You see here a stone.
You extend your mandibles.
You dig through the rock wall.
You retract your mandibles.
You extend your mandibles.
You dig through the rock wall.
You dig through the rock wall.
You dig through the rock wall.
You dig through the rock wall.
You dig through the rock wall.
You dig through the rock wall.
You dig through the rock wall.
You are feeling hungry.
You retract your mandibles.
There is a staircase leading out of the dungeon here.
Saving game... please wait.
Welcome back, ohad the Formicid Fighter.
Gozag says: Greed is good.
Press ? for a list of commands and other information.
You have escaped!

...####..........................
........#######....#####.........
####............##...............
....)...........##........#######
................##........#
........[.......##........#
....###########.########### ....#
#####.#######
....#######.....@.....######
######...........[.........#####
##...........#######....(......##
......#########...#########......
...####...#...#.>.#...#...####...
.###..#...'...'...'...'...#..###.
###...#...##.###'###.##...#...##'
..'...'...##'#.....#+##.(.'...'..
..#...#...##....P.P.P##...#...#..


There were no monsters in sight!

Vanquished Creatures
  2 orbs of fire
  4 ancient liches
  3 juggernauts
  Sojobo (Depths:4)
  Xtahua (Vaults:4)
  10 caustic shrikes
  The ghost of Geloitur the Imperceptible, a veteran SpEE of Dithmenos (Vaults:4)
  2 curse toes
  19 golden dragons
  A bone dragon (Depths:5)
  5 liches
  2 electric golems
  A Hell Sentinel (Depths:4)
  19 tentacled monstrosities
  12 Orb Guardians (Zot:5)
  3 deep elf blademasters
  Asterion (Elf:2)
  3 titans
  5 quicksilver dragons
  7 acid blobs (Zot:3)
  5 death cobs
  7 sphinxes
  15 storm dragons
  Agnes (Elf:2)
  Kirke (Elf:1)
  2 thorn hunters (Swamp:3)
  10 tengu reavers
  10 shadow dragons
  Roxanne (Spider:4)
  5 draconian monks
  Donald (Elf:2)
  A revenant (Vaults:3)
  A daeva (Zot:1)
  22 fire giants
  11 vault wardens
  7 deep elf sorcerers
  2 orc warlords (Vaults:4)
  10 draconian knights
  A ghost moth (shapeshifter) (Vaults:5)
  7 ghost moths
  A balrug (Depths:5)
  Aizul (Elf:2)
  8 draconian scorchers
  16 frost giants
  9 draconian shifters
  4 iron dragons
  5 emperor scorpions
  5 draconian stormcallers
  8 draconian annihilators
  2 deep elf elementalists (Elf:3)
  An angel (Depths:3)
  19 stone giants
  11 ironheart preservers
  24 very ugly things
  A war gargoyle (Vaults:5)
  4 entropy weavers
  2 spriggan defenders
  8 black draconians
  10 deep elf demonologists
  13 green draconians
  Azrael (Elf:2)
  12 white draconians
  4 vampire knights
  A minotaur (shapeshifter) (Depths:4)
  7 deep elf annihilators
  12 red draconians
  17 yellow draconians
  12 spark wasps
  16 ettins
  A blizzard demon (Depths:3)
  8 deep elf death magi
  12 purple draconians
  2 crystal guardians
  5 deep elf high priests
  13 fire dragons
  22 yaktaur captains
  10 great orbs of eyes
  29 vault guards
  A monstrous demonspawn (Depths:5)
  6 rakshasas
  13 ice dragons
  A ghost crab (Swamp:4)
  17 hydras
  2 shambling mangroves
  A catoblepas (Lair:5)
  An alligator (shapeshifter) (Vaults:5)
  A death knight (D:15)
  Erica (D:11)
  7 centaur warriors
  6 spriggan air magi
  A queen ant (Lair:4)
  15 ogre magi
  A two-headed ogre (shapeshifter) (Vaults:5)
  34 two-headed ogres
  11 deep troll shamans
  6 tengu warriors
  11 alligators
  5 orc high priests
  A vampire mage (Depths:1)
  4 spriggan berserkers
  A death yak (Lair:6)
  9 deep troll earth magi
  Sonja (Orc:1)
  The ghost of DEFE the Covert, a journeyman KoEn of Vehumet (D:10)
  5 skeletal warriors
  A soul eater (Depths:5)
  12 spriggans
  14 deep elf knights
  8 iron trolls
  A hell knight (Depths:2)
  2 wizards
  A shadow wraith (Vaults:4)
  2 fire crabs
  34 deep trolls
  A sea snake (shapeshifter) (Vaults:4)
  3 spriggan druids
  5 unseen horrors
  7 swamp dragons
  An infernal demonspawn (Depths:5)
  4 deep elf archers (Elf:2)
  3 glowing orange brains
  3 flayed ghosts
  15 ironbrand convokers
  An orange crystal statue (Vaults:3)
  An obsidian statue (Zot:5)
  Pikel (D:5)
  60 deep elf magi
  4 phantasmal warriors
  21 orc knights
  2 oklob plants (Zot:3)
  21 orb spiders
  33 wolf spiders
  5 orc sorcerers
  3 necromancers
  A manticore (D:11)
  5 cyclopes
  2 salamanders (shapeshifter)
  33 ugly things
  11 elephants (Lair:6)
  23 moths of wrath
  6 black mambas
  A moth of wrath (shapeshifter) (Vaults:1)
  12 vault sentinels
  3 torpor snails
  A naga mage (D:15)
  2 gargoyles
  A guardian serpent (shapeshifter) (Vaults:1)
  9 spiny frogs
  9 centaur skeletons
  A human zombie (Vaults:2)
  A kobold demonologist (D:12)
  4 efreet
  6 komodo dragons
  37 yaktaurs
  A yaktaur skeleton (Vaults:2)
  2 ice devils
  A hellwing (Depths:3)
  3 rime drakes
  3 freezing wraiths
  An entropy weaver simulacrum (Vaults:2)
  21 demonic crawlers
  A tormentor (Zot:1)
  33 jumping spiders
  12 polar bears
  11 trolls
  4 tengu conjurers
  A wind drake (shapeshifter) (Depths:2)
  A meliai (shapeshifter) (D:14)
  11 tyrant leeches
  A polar bear (shapeshifter) (Vaults:1)
  A wolf spider simulacrum (Vaults:1)
  29 hornets
  2 queen bees (shapeshifter)
  4 raiju (Lair:6)
  A harpy skeleton (D:13)
  19 slime creatures
  8 hippogriffs
  11 bog bodies
  3 meliai zombies
  4 blink frogs (Lair:6)
  5 dream sheep (Lair:6)
  The ghost of TheOvate the Sneak, an amateur KoEn (D:4)
  A redback (shapeshifter) (Depths:4)
  41 yaks
  2 air elementals
  2 shadows
  A vampire (D:12)
  43 redbacks
  2 wyverns
  4 wraiths
  A hog (Elf:1)
  Sigmund (D:4)
  5 water elementals
  Eustachio (D:5)
  30 tarantellas
  6 fire elementals (Elf:2)
  4 fire bats (Swamp:4)
  A yak (shapeshifter) (Elf:2)
  9 basilisks
  7 steam dragons
  2 hungry ghosts
  15 vampire mosquitoes
  A neqoxec (D:6)
  3 chaos spawn
  16 swamp worms
  15 water moccasins
  12 wargs
  A soldier ant (shapeshifter) (Depths:2)
  A floating eye (Depths:4)
  16 soldier ants
  3 insubstantial wisps (Swamp:1)
  13 hell hounds
  11 porcupines
  2 sky beasts
  9 swamp drakes
  A slave (D:5)
  47 orc warriors
  6 ice beasts
  A phantom (D:10)
  12 black bears
  3 necrophages
  19 centaurs
  42 ogres
  10 boggarts
  An eye of draining (D:15)
  44 wolves
  An orc skeleton (Vaults:2)
  2 human skeletons (Vaults:2)
  11 crocodiles
  2 crocodiles (shapeshifter)
  6 big kobolds
  15 bullfrogs
  5 gnoll sergeants
  6 earth elementals
  A scorpion (shapeshifter) (Depths:3)
  6 scorpions
  A wyvern skeleton (D:12)
  16 killer bees
  A vampire bat (Lair:3)
  7 wights
  3 electric eels
  2 howler monkeys (D:5)
  9 crimson imps
  6 centaur zombies
  A human simulacrum (Vaults:2)
  3 bullfrog skeletons
  3 hounds
  40 jellies
  Crazy Yiuf (D:5)
  20 orc wizards
  20 orc priests
  Ijyb (D:3)
  6 iguanas
  Terence (D:3)
  2 hell rats (Lair:2)
  21 worker ants
  A hound skeleton (D:4)
  A howler monkey zombie (D:6)
  Robin (D:2)
  4 gnolls (D:9)
  A howler monkey skeleton (D:7)
  11 adders
  6 river rats (Lair:2)
  2 shadow imps
  An ufetubus (Vaults:3)
  15 oozes
  An adder skeleton (D:8)
  A worm (D:3)
  A dart slug (D:1)
  3 leopard geckos
  89 orcs
  8 giant cockroaches
  16 goblins
  6 hobgoblins
  7 jackals
  A quokka (D:6)
  A ball python (D:3)
  13 bats
  6 frilled lizards
  15 kobolds
  A quokka skeleton (D:9)
  2 quokka zombies
  9 rats
2262 creatures vanquished.

Vanquished Creatures (collateral kills)
  3 Orb Guardians (Zot:5)
  A quicksilver dragon (Zot:5)
  A ghost moth (Zot:5)
  A moth of wrath (Zot:5)
6 creatures vanquished.

Vanquished Creatures (others)
  An orb of fire (Zot:5)
  4 ancient liches (Zot:5)
  2 Killer Klowns (Zot:5)
  An electric golem (Zot:5)
  A tentacled monstrosity (Zot:5)
  10 Orb Guardians (Zot:5)
  2 deep elf master archers (Elf:3)
  A tengu reaver (Depths:4)
  A storm dragon (Zot:5)
  A draconian stormcaller (Zot:5)
  A draconian annihilator (Zot:5)
  A green draconian (Zot:5)
  A stone giant (Vaults:5)
  A vampire knight (Depths:1)
  A white draconian (Zot:5)
  A purple draconian (Zot:5)
  2 yellow draconians (Zot:5)
  A red draconian (Zot:2)
  A yaktaur captain (Vaults:2)
  2 hydras (Swamp:4)
  2 centaur warriors
  20 dancing weapons
  A shadow wraith (Vaults:2)
  A fire crab (Swamp:4)
  A spriggan druid (Swamp:3)
  An ugly thing (Vaults:2)
  A wolf spider (Spider:4)
  A deep elf mage (Elf:1)
  A moth of wrath (Zot:5)
  A cyclops (Vaults:1)
  A rust devil (Zot:5)
  8 yaktaurs
  A hellwing (Zot:5)
  A jumping spider (Spider:3)
  A polar bear (Lair:6)
  A hornet (Swamp:4)
  A steam dragon (Swamp:4)
  A human (Elf:1)
  7 swamp drakes (Swamp:4)
  A boggart (Depths:4)
  2 ogres (Zot:1)
  A centaur (D:10)
  3 orcs
  A giant cockroach (D:5)
  A quokka (D:5)
  3 briar patches (Swamp:3)
  A bush (Lair:6)
  13 fungi
  21 plants
135 creatures vanquished.

Grand Total: 2403 creatures vanquished

Notes
Turn   | Place    | Note
-------+----------+-------------------------------------------
     0 | D:1      | ohad the Formicid Fighter began the quest for the Orb.
     0 | D:1      | Reached XP level 1. HP: 18/18 MP: 1/1
   209 | D:1      | Reached XP level 2. HP: 19/24 MP: 2/2
   277 | D:1      | Found a shimmering altar of Xom.
   558 | D:1      | Reached XP level 3. HP: 29/29 MP: 3/3
  1330 | D:2      | Noticed Robin
  1419 | D:1      | Reached XP level 4. HP: 35/35 MP: 4/4
  1442 | D:2      | Killed Robin
  1947 | D:3      | Noticed Ijyb
  1965 | D:3      | Killed Ijyb
  1983 | D:3      | Reached XP level 5. HP: 41/41 MP: 5/5
  1988 | D:3      | Found a bloodstained altar of Trog.
  2071 | D:3      | Reached skill level 5 in Long Blades
  2083 | D:3      | Noticed Terence
  2099 | D:3      | Killed Terence
  2338 | D:3      | Reached XP level 6. HP: 40/47 MP: 6/6
  2520 | D:3      | Found a faded altar of an unknown god.
  3242 | D:4      | Noticed Sigmund
  3256 | D:4      | Killed Sigmund
  3256 | D:4      | Reached XP level 7. HP: 25/52 MP: 7/7
  3524 | D:4      | Found a glowing silver altar of Zin.
  3533 | D:4      | Found an opulent altar of Gozag.
  3539 | D:4      | Became a worshipper of Gozag Ym Sagoz the Greedy
  3729 | D:4      | Noticed TheOvate's ghost (amateur KoEn)
  3760 | D:4      | Found a runed translucent door.
  4219 | D:5      | Entered Level 5 of the Dungeon
  4252 | D:5      | Noticed Eustachio
  4279 | D:5      | Killed Eustachio
  4279 | D:5      | Reached skill level 4 in Armour
  4420 | D:5      | Noticed Pikel
  4571 | D:5      | Killed Pikel
  4571 | D:5      | Reached skill level 5 in Armour
  4571 | D:5      | Reached XP level 8. HP: 44/58 MP: 8/8
  4962 | D:5      | Reached skill level 5 in Fighting
  4995 | D:5      | Reached XP level 9. HP: 68/68 MP: 9/9
  5258 | D:5      | Found a runed translucent door.
  5259 | D:5      | Noticed Crazy Yiuf
  5272 | D:5      | Killed Crazy Yiuf
  5283 | D:5      | Got a steaming mace
  5922 | D:6      | Found a shadowy altar of Dithmenos.
  6123 | D:6      | Got a pair of twisted boots
  6130 | D:6      | Identified the cursed +0 pair of boots "Jafierph" {rF+
                  | Int+4} (You found it on level 6 of the Dungeon)
  6305 | D:6      | Found a staircase to the Ecumenical Temple.
  6316 | Temple   | Entered the Ecumenical Temple
  7973 | D:7      | Reached skill level 10 in Long Blades
  8433 | D:7      | Reached XP level 10. HP: 70/76 MP: 10/10
  8923 | D:7      | Found a stormy altar of Qazlal.
  9223 | D:8      | Found Kameray's Book Shop.
  9623 | D:8      | Found a sacrificial altar of Ru.
 10276 | D:9      | Found a staircase to the Orcish Mines.
 10511 | D:9      | Reached skill level 6 in Armour
 10631 | D:9      | Found a flagged portal.
 11210 | D:9      | Reached skill level 7 in Armour
 11414 | D:9      | Reached XP level 11. HP: 75/81 MP: 11/11
 11806 | D:10     | Entered Level 10 of the Dungeon
 11913 | D:10     | Reached skill level 8 in Armour
 12076 | D:10     | Found a staircase to the Lair.
 12248 | D:10     | Reached skill level 9 in Armour
 12266 | D:10     | Found a transporter.
 12270 | D:10     | Noticed DEFE's ghost (journeyman KoEn)
 12272 | D:10     | Noticed a stone giant
 12314 | D:10     | Found a transporter.
 12610 | D:7      | Bought a +2 crystal plate armour for 1196 gold pieces
 12630 | D:7      | Identified the +3 mace "Duthrela" {freeze, rPois rC- Dex+3
                  | Stlth+} (You found it on level 5 of the Dungeon)
 12718 | Lair:1   | Entered Level 1 of the Lair of Beasts
 12867 | Lair:1   | Noticed a seven-headed hydra
 12872 | Lair:1   | You fall into a shaft and drop 1 floor!
 13246 | Lair:1   | Reached XP level 12. HP: 89/96 MP: 12/12
 13258 | Lair:1   | Killed a seven-headed hydra
 13258 | Lair:1   | Reached skill level 10 in Fighting
 13635 | Lair:1   | Reached skill level 10 in Armour
 13658 | Lair:1   | Got a slimy leather armour
 14451 | Lair:2   | Reached skill level 11 in Armour
 14559 | Lair:2   | Reached skill level 1 in Dodging
 14879 | Lair:2   | Found a staircase to the Swamp.
 15517 | Lair:2   | Found a hole to the Spider Nest.
 16037 | Lair:3   | Reached skill level 5 in Dodging
 16435 | Lair:3   | You fall into a shaft and drop 2 floors!
 16668 | Lair:5   | Found a runed translucent door.
 16668 | Lair:5   | Found a viscous altar of Jiyva.
 16668 | Lair:5   | Found a staircase to the Slime Pits.
 16668 | Lair:5   | Noticed an acid blob
 16669 | Lair:5   | Noticed a death yak
 16699 | Lair:5   | Noticed a catoblepas
 16708 | Lair:6   | Entered Level 6 of the Lair of Beasts
 16724 | Lair:6   | Reached XP level 13. HP: 68/103 MP: 13/13
 16753 | Lair:6   | Reached skill level 12 in Armour
 17481 | Lair:6   | Noticed a six-headed hydra
 17506 | Lair:6   | Killed a six-headed hydra
 17638 | Lair:6   | Noticed a six-headed hydra
 17662 | Lair:6   | Killed a six-headed hydra
 17711 | Lair:6   | Noticed a seven-headed hydra
 17882 | Lair:6   | Killed a seven-headed hydra
 18242 | Lair:4   | Noticed a five-headed hydra
 18289 | Lair:5   | Killed a five-headed hydra
 19193 | Lair:4   | Reached XP level 14. HP: 83/111 MP: 14/14
 19333 | Lair:4   | Reached skill level 10 in Shields
 19663 | Lair:4   | Noticed an entropy weaver
 19663 | Lair:4   | Noticed an entropy weaver
 19707 | Lair:4   | You fall into a shaft and drop 2 floors!
 19725 | Lair:6   | HP: 5/111 [poisoned by a soldier ant]
 19732 | Lair:6   | HP: 5/111 [poisoned by a soldier ant]
 20467 | Lair:4   | You fall into a shaft and drop 2 floors!
 20694 | Lair:6   | Bought the +5 long sword of Embarrassment {slice, rElec rN+
                  | Str+2 Int-5} for 631 gold pieces
 21297 | Lair:6   | Got a twisted dagger
 21804 | Lair:4   | Killed an entropy weaver
 21862 | Lair:4   | You fall into a shaft and drop 2 floors!
 23723 | Lair:6   | Got a dazzling plate armour
 23874 | Lair:6   | Reached skill level 15 in Long Blades
 24171 | D:10     | Found Pywnah's Jewellery Emporium.
 24462 | D:4      | Killed TheOvate's ghost
 24720 | D:11     | Identified the +3 dagger "Fimiburgh" {pain, rF+} (You found
                  | it on level 6 of the Lair of Beasts)
 24783 | D:11     | Reached XP level 15. HP: 117/117 MP: 15/15
 25002 | D:11     | Found a stormy altar of Qazlal.
 25166 | D:11     | Noticed Erica
 25181 | D:11     | Killed Erica
 25372 | D:11     | Found a shimmering altar of Xom.
 25744 | D:12     | Found Heacvoy's Antique Armour Emporium.
 25761 | D:12     | Bought a pair of embroidered boots for 315 gold pieces
 26572 | D:13     | Found a portal to a secret trove of treasure.
 26726 | D:13     | Found a gate to the Vaults.
 26726 | D:13     | Noticed an ironheart preserver
 26746 | D:13     | Killed an ironheart preserver
 28648 | D:15     | Entered Level 15 of the Dungeon
 28786 | D:15     | Reached XP level 16. HP: 123/123 MP: 16/16
 29495 | D:15     | Reached skill level 15 in Shields
 29682 | D:15     | Found a staircase to the Depths.
 30148 | Orc:1    | Entered Level 1 of the Orcish Mines
 30303 | Orc:2    | Entered Level 2 of the Orcish Mines
 30357 | Orc:2    | Found a staircase to the Elven Halls.
 30589 | Orc:2    | HP: 6/123 [orc warrior/+0 glaive (20)]
 31027 | Orc:2    | Found Tovyh Sol's Gadget Boutique.
 31027 | Orc:2    | Found Vaxuel's Antique Armour Boutique.
 31028 | Orc:2    | Found Luyxt's Book Emporium.
 31033 | Orc:2    | Found Vuroesm's Gadget Emporium.
 31047 | Orc:2    | Bought a pair of glowing gloves for 180 gold pieces
 31619 | Orc:1    | Noticed Sonja
 31634 | Orc:1    | Killed Sonja
 32507 | Lair:1   | Bought a glowing great sword for 266 gold pieces
 32579 | Swamp:1  | Entered Level 1 of the Swamp
 34984 | Swamp:3  | Noticed a thorn hunter
 35008 | Swamp:3  | Killed a thorn hunter
 35008 | Swamp:3  | Reached XP level 17. HP: 95/131 MP: 17/17
 35045 | Swamp:3  | Noticed a thorn hunter
 35070 | Swamp:3  | Killed a thorn hunter
 36591 | Swamp:4  | Entered Level 4 of the Swamp
 36682 | Swamp:4  | Reached skill level 13 in Armour
 39851 | Swamp:4  | Reached skill level 14 in Armour
 40111 | Swamp:4  | Got a decaying rune of Zot
 40527 | D:7      | Bought a +3 chain mail of poison resistance for 305 gold
                  | pieces
 40547 | D:7      | Identified the +6 plate armour "Xadin" {rC- Int+6 Stlth+}
                  | (You found it on level 6 of the Lair of Beasts)
 40723 | Spider:1 | Entered Level 1 of the Spider Nest
 40837 | Spider:1 | Reached skill level 10 in Dodging
 41133 | Spider:1 | Reached XP level 18. HP: 118/145 MP: 18/18
 44571 | Spider:4 | Entered Level 4 of the Spider Nest
 45967 | Spider:4 | Noticed Roxanne
 45977 | Spider:4 | Killed Roxanne
 45977 | Spider:4 | Reached skill level 15 in Fighting
 45977 | Spider:4 | Reached XP level 19. HP: 104/155 MP: 19/19
 46970 | Spider:4 | Got a gossamer rune of Zot
 47406 | Lair:1   | Bought a dazzling great sword for 460 gold pieces
 47406 | Lair:1   | Bought a crystal great sword for 460 gold pieces
 47407 | Lair:1   | Identified the cursed +2 great sword of Egumimn {slice,
                  | rElec} (You bought it in a shop on level 1 of the Lair of
                  | Beasts)
 47409 | Lair:1   | Identified the +10 great sword "Naoxzum" {slice, +Rage MP-9
                  | Str+3 Dex+2} (You bought it in a shop on level 1 of the
                  | Lair of Beasts)
 47504 | D:10     | Killed DEFE's ghost
 47775 | Depths:1 | Entered Level 1 of the Depths
 47789 | Depths:1 | Noticed a caustic shrike
 47801 | Depths:1 | Killed a caustic shrike
 48727 | Depths:1 | Reached skill level 15 in Armour
 48903 | Depths:1 | Noticed a lich
 48920 | Depths:1 | Killed a lich
 49084 | Depths:1 | Found Xosodd's Antique Weapon Shop.
 49085 | Depths:1 | You fall into a shaft and drop 1 floor!
 49085 | Depths:2 | Found a gateway to Hell.
 49101 | Depths:2 | Reached skill level 16 in Armour
 49929 | Depths:2 | Reached XP level 20. HP: 133/164 MP: 11/20
 50104 | Depths:2 | Reached skill level 17 in Armour
 50166 | Depths:2 | Found a one-way gate to the infinite horrors of the Abyss.
 50232 | Depths:1 | Noticed a juggernaut
 50242 | Depths:1 | Killed a juggernaut
 50948 | Depths:1 | Got a scintillating steel ring
 52178 | Depths:3 | Found a radiant altar of Vehumet.
 52278 | Depths:3 | Found a transporter.
 52286 | Depths:3 | Reached XP level 21. HP: 174/174 MP: 12/21
 52321 | Depths:3 | Found Bokas's Book Emporium.
 52381 | Depths:3 | Reached XP level 22. HP: 119/181 MP: 13/22
 52557 | Depths:3 | Identified the ring of Hyudi {rF+ rC+ MR+ Dex-2} (You found
                  | it on level 1 of the Depths)
 52571 | Depths:3 | Found a gateway to a ziggurat.
 52704 | Depths:3 | Found a one-way gate leading to the halls of Pandemonium.
 52719 | Depths:3 | Reached skill level 15 in Dodging
 53882 | Depths:4 | Noticed a juggernaut
 53908 | Depths:4 | Killed a juggernaut
 54134 | Depths:4 | Noticed a golden dragon
 54142 | Depths:4 | Killed a golden dragon
 54142 | Depths:4 | Reached skill level 18 in Armour
 54165 | Depths:4 | Noticed Sojobo
 54193 | Depths:4 | Killed Sojobo
 54348 | Depths:4 | Noticed a caustic shrike
 54350 | Depths:4 | Noticed a caustic shrike
 54350 | Depths:4 | Noticed a caustic shrike
 54358 | Depths:4 | Killed a caustic shrike
 54373 | Depths:4 | Killed a caustic shrike
 54391 | Depths:4 | Killed a caustic shrike
 54793 | Depths:4 | Noticed an ancient lich
 54811 | Depths:4 | Killed an ancient lich
 54811 | Depths:4 | Reached skill level 19 in Armour
 55157 | Depths:4 | Noticed a caustic shrike
 55165 | Depths:4 | Killed a caustic shrike
 55267 | Depths:4 | Reached XP level 23. HP: 177/187 MP: 14/23
 55279 | Depths:4 | Identified the +5 great sword of Zubemoz {drain, rF+ Int+4}
 55296 | Depths:4 | Noticed a golden dragon
 55625 | Depths:4 | Killed a golden dragon
 55625 | Depths:4 | Reached skill level 20 in Armour
 55975 | Depths:4 | Noticed a caustic shrike
 55997 | Depths:4 | Killed a caustic shrike
 55999 | Depths:4 | Noticed a caustic shrike
 56004 | Depths:4 | Noticed a caustic shrike
 56004 | Depths:4 | Noticed a caustic shrike
 56010 | Depths:4 | Noticed a caustic shrike
 56041 | Depths:4 | Killed a caustic shrike
 56056 | Depths:4 | Killed a caustic shrike
 56062 | Depths:4 | Killed a caustic shrike
 56070 | Depths:4 | Killed a caustic shrike
 56262 | Depths:4 | Noticed a golden dragon
 56769 | Depths:4 | Noticed a golden dragon
 56775 | Depths:4 | Killed a golden dragon
 56775 | Depths:4 | Reached skill level 21 in Armour
 56779 | Depths:4 | Noticed a juggernaut
 56784 | Depths:4 | Killed a golden dragon
 56801 | Depths:4 | Killed a juggernaut
 58080 | Depths:5 | Entered Level 5 of the Depths
 58189 | Depths:5 | Noticed a golden dragon
 58234 | Depths:5 | Reached XP level 24. HP: 168/197 MP: 14/23
 58240 | Depths:5 | Killed a golden dragon
 59632 | Depths:5 | Found a gate to the Realm of Zot.
 59936 | Vaults:1 | Entered Level 1 of the Vaults
 60500 | Vaults:1 | Found a flickering gateway to a bazaar.
 60511 | Bazaar   | Entered a bazaar
 60511 | Bazaar   | Found Sacette's Gadget Emporium.
 60513 | Bazaar   | Found Buikk's Distillery.
 60524 | Bazaar   | Bought a potion of curing for 30 gold pieces
 60524 | Bazaar   | Bought a potion of heal wounds for 50 gold pieces
 60524 | Bazaar   | Bought a potion of curing for 30 gold pieces
 60534 | Bazaar   | Found Yrueqoini's Book Shop.
 60544 | Bazaar   | Found Goaxy's Antique Weapon Boutique.
 60550 | Bazaar   | Found Nifeaz's Antique Weapon Emporium.
 61995 | Vaults:2 | Found Tadyhen's Armour Boutique.
 62139 | Vaults:2 | Identified a scroll of acquirement
 62838 | Vaults:2 | Reached XP level 25. HP: 187/204 MP: 14/23
 63396 | Vaults:2 | Got a twisted scale mail
 63397 | Vaults:2 | Identified the +3 scale mail "Suawiz" {+Fly rN+ Int-2
                  | Dex+3} (You found it on level 2 of the Vaults)
 63485 | Vaults:3 | Upgraded the game from 0.24-a0-355-gbe4061de67 to
                  | 0.24-a0-361-g57161393b2
 63600 | Vaults:3 | Found a staircase to the Crypt.
 64776 | Vaults:3 | Got a scorched arbalest
 64777 | Vaults:3 | Identified the +4 arbalest of a bazaar {elec, rN+ MP+9
                  | Str+2} (You found it on level 3 of the Vaults)
 64827 | Vaults:4 | Reached skill level 1 in Crossbows
 65131 | Vaults:4 | Noticed Xtahua
 65146 | Vaults:4 | Killed Xtahua
 65202 | Vaults:4 | Reached skill level 5 in Crossbows
 65954 | Vaults:4 | Found a runed translucent gate.
 65954 | Vaults:4 | Found a runed translucent gate.
 65956 | Vaults:4 | Found a runed translucent gate.
 65956 | Vaults:4 | Identified the +5 chain mail "Iroubaxt" {rPois MR- Dex+3}
 65957 | Vaults:4 | Noticed Geloitur's ghost (veteran SpEE)
 65997 | Vaults:4 | Found a roughly hewn altar of Beogh.
 66027 | Vaults:4 | Killed Geloitur's ghost
 66443 | Elf:1    | Entered Level 1 of the Elven Halls
 66634 | Elf:1    | Noticed Kirke
 66643 | Elf:1    | Killed Kirke
 66643 | Elf:1    | Reached XP level 26. HP: 216/216 MP: 14/23
 67071 | Elf:1    | Identified the +9 battleaxe of the Wheel {holy, *Contam rF-
                  | Int+7 Dex+3}
 67081 | Elf:1    | Identified Vehumet's Grimoire of Battle Magic
 67348 | Elf:2    | Noticed Agnes
 67354 | Elf:2    | Killed Agnes
 67398 | Elf:2    | Got a scintillating gossamer ring
 67400 | Elf:2    | Identified the ring of Togyofei {Str+3 Dex+4} (You found it
                  | on level 2 of the Elven Halls)
 67514 | Elf:2    | Noticed Aizul
 67539 | Elf:2    | Killed Aizul
 67572 | Elf:2    | Noticed Donald
 67588 | Elf:2    | Killed Donald
 68063 | Elf:2    | Found a huge runed translucent gate.
 68063 | Elf:2    | Found a huge runed translucent gate.
 68064 | Elf:2    | Found a huge runed translucent gate.
 68065 | Elf:2    | Found a huge runed translucent gate.
 68074 | Elf:2    | Found a huge runed translucent gate.
 68215 | Elf:2    | Noticed Azrael
 68229 | Elf:2    | Killed Azrael
 68415 | Elf:2    | Noticed Asterion
 68427 | Elf:2    | Killed Asterion
 68625 | Elf:3    | Entered Level 3 of the Elven Halls
 68756 | Elf:3    | Bought the +10 large shield of Ignorance {rN+ Int-4} for
                  | 2005 gold pieces
 68756 | Elf:3    | Found the +10 large shield of Ignorance {rN+ Int-4}
 69026 | Elf:3    | Found an ancient bone altar of Kikubaaqudgha.
 69686 | Elf:3    | Identified the +8 scimitar of Ereuzyrph {freeze, SInv}
 69710 | Elf:3    | Identified the ring "Toedoati" {*Contam rC+ MP+9 Dex+3
                  | Stlth+}
 70157 | Elf:3    | Identified the cursed +1 leather armour of Yfretz {-Tele
                  | rN++}
 70158 | Elf:3    | Identified the ring "Poifizok" {+Inv Stlth-}
 70302 | Elf:3    | Identified the Incunabulum of Aid and Displacement
 70380 | Elf:3    | Identified the +8 trident "Fanorogi" {flame, Int+4 Dex+8}
 70641 | Elf:1    | Bought a steaming lead ring for 140 gold pieces
 70646 | Elf:1    | Identified the ring "Zuem" {rElec rPois MR+ Dex+4 Stlth+}
                  | (You bought it in a shop on level 1 of the Elven Halls)
 70932 | Vaults:5 | Entered Level 5 of the Vaults
 71026 | Vaults:4 | Reached XP level 27. HP: 218/224 MP: 14/23
 71513 | Vaults:5 | Reached skill level 1 in Evocations
 71613 | Vaults:5 | Reached skill level 5 in Evocations
 71625 | Vaults:5 | Noticed an ancient lich
 71639 | Vaults:5 | Killed an ancient lich
 71910 | Vaults:5 | Identified the ring "Nophier" {Fire rElec Int+4 Slay+3}
 72382 | Vaults:5 | Got a silver rune of Zot
 72387 | Vaults:5 | Got an encrusted large shield
 72398 | Vaults:5 | Identified the cursed +0 large shield of Miracles {rF+ MP+9
                  | Int+4} (You found it on level 5 of the Vaults)
 72516 | Vaults:5 | Identified the ring of Hedonism {Ice Str+5 Dex-2}
 73310 | Vaults:5 | Identified the ring "Ceepp" {Wiz Str+2}
 73745 | Zot:1    | Entered Level 1 of the Realm of Zot
 74682 | Zot:1    | Reached skill level 22 in Armour
 76697 | Zot:2    | Reached skill level 23 in Armour
 77658 | Zot:2    | Reached skill level 24 in Armour
 78428 | Zot:3    | Noticed an orb of fire
 78437 | Zot:3    | Killed an orb of fire
 79129 | Zot:3    | Reached skill level 25 in Armour
 80898 | Zot:4    | Bought a potion of might for 68 gold pieces
 80898 | Zot:4    | Bought a potion of heal wounds for 85 gold pieces
 80898 | Zot:4    | Bought a potion of agility for 68 gold pieces
 80898 | Zot:4    | Bought a potion of agility for 68 gold pieces
 80902 | Zot:4    | Bought a potion of heal wounds for 85 gold pieces
 80906 | Zot:5    | Entered Level 5 of the Realm of Zot
 81406 | Zot:5    | Noticed an ancient lich
 81417 | Zot:5    | Noticed an ancient lich
 81420 | Zot:5    | Noticed an orb of fire
 81421 | Zot:5    | Noticed an orb of fire
 81424 | Zot:5    | Noticed an orb of fire
 81429 | Zot:5    | Killed an ancient lich
 81430 | Zot:5    | Killed a Killer Klown
 81431 | Zot:5    | Gained mutation: You occasionally shout uncontrollably at
                  | your foes. [an orb of fire]
 81436 | Zot:5    | Gained mutation: Scrolls take you a little longer to read.
                  | [an orb of fire]
 81437 | Zot:5    | Gained mutation: Armour fits poorly on your strangely
                  | shaped body. [an orb of fire]
 81438 | Zot:5    | Killed an orb of fire
 81441 | Zot:5    | Killed an ancient lich
 81442 | Zot:5    | Killed an ancient lich
 81445 | Zot:5    | Noticed a Killer Klown
 81445 | Zot:5    | Noticed an ancient lich
 81445 | Zot:5    | Noticed a Killer Klown
 81446 | Zot:5    | Noticed an ancient lich
 81484 | Zot:5    | Noticed an ancient lich
 81491 | Zot:5    | Killed an ancient lich
 81497 | Zot:5    | Killed an ancient lich
 81515 | Zot:5    | Killed a Killer Klown
 81566 | Zot:5    | Killed an ancient lich
 81632 | Zot:5    | Killed an orb of fire
 81851 | Zot:5    | Got the Orb of Zot
 81899 | Zot:5    | Noticed an orb of fire
 81907 | Zot:5    | Gained mutation: You sometimes yell uncontrollably at your
                  | foes. [an orb of fire]
 81909 | Zot:5    | Gained mutation: You are dopey. (Int -2) [an orb of fire]
 82874 | D:$      | Escaped with the Orb!

Levels and vault maps discovered:
D:1:      dpeg_arrival_water_fire, layout_basic, xom_teletrap_fun
D:2:      layout_basic, first_ration, uniq_robin
D:3:      minmay_angry_zag, layout_rooms, bloody_trog,
          chequers_ecumenical_altar_island, gup_sewer_entry_spiral, uniq_ijyb,
          uniq_terence
D:4:      layout_loops_ring, grunt_temple_overflow_gold_and_silver,
          hellmonk_ghost_happy_afterlife, kennysheep_generic_room_10,
          uniq_sigmund
D:5:      layout_loops_ring, uniq_pikel, uniq_crazy_yiuf_cottage, uniq_eustachio
D:6:      layout_loops_corners, nicolae_dithmenos_shadow_blocks,
          minmay_temple_entry_large_hall
D:7:      layout_basic, basic_altar, minmay_fractal_squares_diagonal_5
D:8:      lemuel_slime, layout_basic, kennysheep_little_box, serial_shops,
          nicolae_shop_stone
D:9:      layout_loops_ring, kennysheep_orc_monster_closet_entryway,
          enter_bailey_2, grunt_pizzeria
D:10:     layout_roguey, grunt_lair_entry_orc_guard_hut, serial_shops,
          nicolae_shop_waterfront, gammafunk_ghost_arena
D:11:     layout_roguey, basic_altar, grunt_qazlal_sundering, uniq_erica
D:12:     layout_gridville, serial_shops, shop, serial_bayou_pond_e
D:13:     layout_loops_ring, skrybe_vaults_entry_preservation, enter_trove_5
D:14:     layout_cave_pools, minmay_staircase_bubble
D:15:     grunt_enter_depths_magical_seal, layout_basic,
          roderic_lattice_octagonal_star, nicolae_benzene_ring
Temple:   eino_temple_rhombus
Lair:1:   layout_regular_city, grunt_forest_large_clearings, grunt_megastairs_4
Lair:2:   layout_regular_city, nicolae_swamp_entry_splash_gauntlet,
          spider_nest_entry_funnel_web, kennysheep_rathole,
          serial_bayou_shore_b, serial_bayou_shore_b,
          infiniplex_staircase_pool_2, serial_bayou_shore_b, grunt_megastairs_5
Lair:3:   layout_regular_city, st_stairs_8, chequers_serial_rivers_large_b,
          chequers_serial_rivers_micro_b, roderic_batcave
Lair:4:   layout_loops_ring, nicolae_quartered_pool_little,
          chequers_serial_rivers_small_3, minmay_another_anthill,
          infiniplex_staircase_pool, lemuel_fruit_tree
Lair:5:   layout_hall_layers, slime_altar_2, st_stairs_6,
          minmay_lair_oklob_bushes, columned_hall_lemuel,
          nicolae_lair_yak_garden, grunt_megastairs_3, serial_bayou_shore_b
Lair:6:   hangedman_lair_caniforms_friends, layout_hall_layers,
          guppyfry_lair_end_dragon, minivault_25
Swamp:1:  layout_basic_swamp, hangedman_swamp_ruin_hall
Swamp:2:  layout_basic_swamp, serial_swamp_ruin, evilmike_swamp_ruin_rubble_2,
          evilmike_swamp_ruin_house_6
Swamp:3:  layout_basic_swamp, hangedman_swamp_diagram
Swamp:4:  swamp_fiery, layout_basic_swamp
Spider:1: layout_spider_delve
Spider:2: layout_chambers
Spider:3: layout_spider_delve, hangedman_stitches_earthworm
Spider:4: guppyfry_spider_rune, hangedman_spider_tarantella_strand, uniq_roxanne
Orc:1:    layout_caves, uniq_sonja
Orc:2:    st_orc_elflike, layout_caves
Elf:1:    elf_arrival_001, layout_gridlike, minmay_elf_annihilation, uniq_kirke
Elf:2:    layout_loops_cross, uniq_azrael, uniq_agnes, uniq_asterion,
          uniq_aizul, uniq_donald
Elf:3:    elf_hall_gauntlet_wide, layout_loops_cross, basic_altar, hex_tiny
Vaults:1: v_misc_28, nicolae_vaults_puzzle_piece, v_misc_33,
          ontoclasm_vaults_decontamination, nicolae_vaults_little_squares_2,
          ontoclasm_vaults_chip, nicolae_vaults_branching_niches,
          vaults_dpeg_cross, dpeg_vaults_monster_box, nicolae_vaults_theta,
          nicolae_vaults_gold_heap, layout_vaults_omnigrid, serial_shops,
          bzr_entry_lakeside
Vaults:2: hangedman_vaults_variations, nicolae_vaults_sealed_display,
          nicolae_vaults_alarming, vaults_dpeg_spiral, v_misc_4,
          hangedman_vaults_stretched_pinwheel, nicolae_vaults_little_squares_2,
          nicolae_vaults_specimen_jars, ontoclasm_vaults_ring_small,
          nicolae_vaults_little_squares_6, vaults_room_door_hall,
          layout_vaults_chaotic_city, serial_shops, shop_statue
Vaults:3: minmay_crypt_entry_simple_plaza, nicolae_vaults_statue_guard,
          ontoclasm_vaults_misaligned, ontoclasm_vaults_bender, serial_ice_b,
          nicolae_vaults_asterisk, v_misc_2, grunt_vaults_swirl,
          nicolae_vaults_little_squares_2, v_alt_pattern_1,
          nicolae_vaults_puzzle_piece, ontoclasm_vaults_ligature,
          hangedman_vaults_locks, vaults_mumra_chevron_long, vaults_dpeg_ring,
          v_pattern_2, nicolae_vaults_little_squares_1, layout_vaults_maze
Vaults:4: biasface_vaults_ghost_orc_armoury, nicolae_vaults_yaktaur_gun_rack,
          nicolae_vaults_little_squares_5, v_misc_17,
          hangedman_vaults_stretched_pinwheel, ontoclasm_vaults_gateway,
          nicolae_vaults_network_quincunx
          [nicolae_vaults_network_quincunx_subvault,
          nicolae_vaults_network_quincunx_subvault,
          nicolae_vaults_network_quincunx_subvault,
          nicolae_vaults_network_quincunx_subvault,
          nicolae_vaults_network_quincunx_subvault], v_pattern_4,
          v_alt_pattern_2, ontoclasm_vaults_gallery, grunt_vaults_funnel,
          vaults_dpeg_doors, hangedman_vaults_slice, layout_vaults_omnicross,
          uniq_xtahua
Vaults:5
Depths:1: minmay_swirls_squares, layout_cave_shapes, hell_entry, serial_shops,
          shop, chequers_serial_rivers_small_3, minmay_door_square,
          kilobyte_rumbling_trees
Depths:2: kennysheep_room_grid, layout_basic, hell_entry, abyss_entry,
          minmay_misc_feat_iff, infiniplex_staircase_split_hallway
Depths:3: gammafunk_sealed_library, layout_cross, enter_ziggurat_c, hell_entry,
          rand_demon_pan_entry_1, serial_shops, shop
Depths:4: grunt_runaround [grunt_runaround_doors_1, grunt_runaround_doors_2,
          grunt_runaround_doors_3, grunt_runaround_doors_4,
          grunt_runaround_loot], pan_entry, hell_entry, abyss_entry, uniq_sojobo
Depths:5: evilmike_zot_entry_diamond, layout_basic, abyss_entry, hell_entry,
          rand_demon_pan_entry_8, grunt_decor_cap
Zot:1:    lemuel_halls_of_wrath, layout_concentric_octagons
Zot:2:    layout_cathedral_of_symmetry, st_small_dragon_hoard_4,
          grunt_megastairs_2
Zot:3:    lemuel_acid_trip, layout_onion_interference
Zot:4:    layout_misc_corridors
Zot:5:    layout_basic

Skill      XL: |  1  2  3  4  5  6  7  8  9 10 11 12 13 14 15 16 17 18 19 20 21 22 23 24 25 26 27 |
---------------+----------------------------------------------------------------------------------+-----
Long Blades    | 3 4 5 7 10 12 15 16 18 20 | 20.3
Armour         | 5 7 9 11 12 14 16 17 19 21 25 | 25.0
Shields        | 6 7 9 11 14 15 17 18 23 | 23.5
Fighting       | 5 6 9 10 11 13 15 17 18 19 20 | 20.0
Dodging        | 5 9 10 13 14 15 17 18 23 | 23.1
Crossbows      | 5 |  5.2
Evocations     | 8 |  8.0

Action                   |  1- 3 |  4- 6 |  7- 9 | 10-12 | 13-15 | 16-18 | 19-21 | 22-24 | 25-27 || total
-------------------------+-------+-------+-------+-------+-------+-------+-------+-------+-------++-------
Melee: Long sword        |    96 |   177 |   121 |   987 |  1222 |       |       |       |       ||  2603
       Dagger            |       |       |   385 |    70 |    58 |       |       |       |       ||   513
       Quarterstaff      |       |       |     5 |       |       |       |       |       |       ||     5
       Scimitar          |       |       |       |       |   514 |   363 |       |       |       ||   877
       Great sword       |       |       |       |       |       |  1710 |   848 |  1468 |  3310 ||  7336
 Fire: Arbalest          |       |       |       |       |       |       |       |       |    57 ||    57
Throw: Dart              |       |       |       |       |       |     5 |       |     2 |     1 ||     8
Invok: Call Merchant     |       |       |       |     1 |     2 |     3 |     1 |       |     3 ||    10
       Potion Petition   |       |       |       |     2 |       |     6 |     2 |     8 |     5 ||    23
       Bribe Branch      |       |       |       |       |       |       |       |       |     1 ||     1
 Abil: Dig               |     6 |     3 |     4 |     7 |    10 |     6 |     2 |       |    26 ||    64
       Shaft Self        |       |       |       |     1 |     2 |       |       |       |       ||     3
  Use: Scroll            |     1 |       |     6 |     5 |     4 |    11 |    11 |     4 |     8 ||    50
       Potion            |       |     2 |     4 |     2 |     4 |    15 |     3 |     2 |    13 ||    45
 Stab: Distracted        |       |       |       |     5 |    11 |    11 |     8 |    11 |    36 ||    82
       Invisible         |       |       |       |       |     5 |     3 |       |       |     4 ||    12
       Confused          |       |       |       |       |     2 |       |       |     1 |     1 ||     4
       Held in net/web   |       |       |       |       |       |     1 |       |       |       ||     1
  Eat: Chunk             |     2 |     6 |     2 |       |       |       |       |       |       ||    10
       Ration            |       |       |     5 |     9 |    13 |    18 |     6 |    10 |    21 ||    82
Armor: Plate armour      |    54 |    80 |   167 |   185 |       |       |       |       |       ||   486
       Scale mail        |    12 |       |       |       |       |       |       |       |       ||    12
       Crystal plate arm |       |       |       |   383 |   809 |   638 |   208 |   389 |   632 ||  3059
       Chain mail        |       |       |       |       |       |   321 |    66 |       |       ||   387
Dodge: Dodged            |    19 |    11 |    52 |   143 |   449 |   760 |   279 |   392 |   821 ||  2926
Block: Shield            |    53 |    66 |   195 |   537 |   821 |       |       |       |       ||  1672
       Large shield      |       |       |       |       |   226 |  2374 |   870 |  1560 |  3493 ||  8523
       Reflection        |       |       |       |       |       |     2 |    27 |    50 |   115 ||   194
       Rpst.: Long sword |     7 |     5 |     1 |    38 |    60 |       |       |       |       ||   111
       Scimitar          |       |       |       |       |    19 |    12 |       |       |       ||    31
       Great sword       |       |       |       |       |       |   102 |    35 |    83 |   101 ||   321

Table legend:
 A = Non-vault XP
 B = Vault XP
 C = Vault XP percentage of total XP
 D = Non-vault monster count
 E = Vault monster count
 F = Vault count percentage of total count
                 A         B        C        D         E       F
            +---------+---------+-------+---------+---------+-------
      Total |  750532 |  860437 |  53.4 |    1326 |     982 |  42.5
            +---------+---------+-------+---------+---------+-------
        D:1 |      31 |      10 |  24.4 |      19 |       5 |  20.8
        D:2 |      26 |      25 |  49.0 |       9 |       6 |  40.0
        D:3 |     160 |     117 |  42.2 |      16 |      17 |  51.5
        D:4 |     204 |     433 |  68.0 |       7 |       3 |  30.0
        D:5 |     387 |     874 |  69.3 |      23 |       3 |  11.5
        D:6 |     588 |       0 |   0.0 |      19 |       0 |   0.0
        D:7 |    2151 |     378 |  14.9 |      47 |       5 |   9.6
        D:8 |     695 |     398 |  36.4 |      14 |      21 |  60.0
        D:9 |    1511 |    1643 |  52.1 |      14 |      20 |  58.8
       D:10 |    3571 |    3850 |  51.9 |      24 |      18 |  42.9
       D:11 |    4623 |     929 |  16.7 |      20 |       1 |   4.8
       D:12 |    7430 |       0 |   0.0 |      43 |       0 |   0.0
       D:13 |    9069 |    3253 |  26.4 |      28 |      10 |  26.3
       D:14 |    9637 |       0 |   0.0 |      33 |       0 |   0.0
       D:15 |   10482 |    3700 |  26.1 |      32 |       8 |  20.0
     Lair:1 |    2063 |    4322 |  67.7 |      11 |      29 |  72.5
     Lair:2 |    2245 |    2211 |  49.6 |      13 |      19 |  59.4
     Lair:3 |     929 |     421 |  31.2 |       5 |      11 |  68.8
     Lair:4 |    2659 |    4895 |  64.8 |      14 |      29 |  67.4
     Lair:5 |    3444 |    1890 |  35.4 |      11 |       6 |  35.3
     Lair:6 |   17203 |   15347 |  47.1 |      50 |      73 |  59.3
    Swamp:1 |    4276 |       0 |   0.0 |      17 |       0 |   0.0
    Swamp:2 |   11662 |       0 |   0.0 |      27 |       0 |   0.0
    Swamp:3 |   16270 |    5127 |  24.0 |      32 |       6 |  15.8
    Swamp:4 |   14873 |    8917 |  37.5 |      39 |      14 |  26.4
   Spider:1 |   18565 |       0 |   0.0 |      54 |       0 |   0.0
   Spider:2 |   14830 |       0 |   0.0 |      35 |       0 |   0.0
   Spider:3 |    7170 |    3414 |  32.3 |      17 |       9 |  34.6
   Spider:4 |   14761 |   27288 |  64.9 |      42 |      48 |  53.3
      Orc:1 |    1397 |     827 |  37.2 |      15 |       1 |   6.2
      Orc:2 |    2110 |    8583 |  80.3 |      22 |      25 |  53.2
      Elf:1 |   12712 |    9314 |  42.3 |      22 |      13 |  37.1
      Elf:2 |   20228 |   35094 |  63.4 |      42 |      40 |  48.8
      Elf:3 |    1660 |   42149 |  96.2 |       3 |      28 |  90.3
   Vaults:1 |   20396 |   24434 |  54.5 |      45 |      45 |  50.0
   Vaults:2 |   22719 |   13486 |  37.2 |      52 |      17 |  24.6
   Vaults:3 |   24585 |   24496 |  49.9 |      38 |      35 |  47.9
   Vaults:4 |   29551 |   53532 |  64.4 |      34 |      53 |  60.9
   Vaults:5 |   36411 |  126615 |  77.7 |      35 |      72 |  67.3
   Depths:1 |   32971 |   33137 |  50.1 |      32 |      23 |  41.8
   Depths:2 |   39593 |   12576 |  24.1 |      47 |      12 |  20.3
   Depths:3 |   18773 |    4724 |  20.1 |      25 |       7 |  21.9
   Depths:4 |     835 |  172552 |  99.5 |       3 |     102 |  97.1
   Depths:5 |   34622 |   23567 |  40.5 |      35 |      15 |  30.0
      Zot:1 |   69450 |   48894 |  41.3 |      42 |      48 |  53.3
      Zot:2 |   84894 |   22831 |  21.2 |      56 |       8 |  12.5
      Zot:3 |   59803 |   44550 |  42.7 |      28 |      55 |  66.3
      Zot:4 |   39663 |       0 |   0.0 |      21 |       0 |   0.0
      Zot:5 |   16644 |   69634 |  80.7 |      14 |      22 |  61.1
            +---------+---------+-------+---------+---------+-------
